 Dungeon Crawl Stone Soup version 0.27.1-37-g7b29ead8ac (console) character file.

Game seed: 10362040299534814013

150 grimtooth the Skirmisher (level 5, -3/85 HPs)
             Began as an Ogre Berserker on Nov 4, 2023.
             Was a Believer of Trog.
             Succumbed to a water moccasin's poison
             ... on level 4 of the Dungeon.
             The game lasted 00:08:23 (3598 turns).

grimtooth the Skirmisher (Ogre Berserker)           Turns: 3598, Time: 00:08:24

Health: -3/85      AC:  3    Str: 22    XL:     5   Next: 32%
Magic:  5/5        EV: 10    Int:  8    God:    Trog [**....]
Gold:   169        SH:  5    Dex:  8    Spells: 4/4 levels left

rFire    . . .     SeeInvis .   a - +0 mace
rCold    . . .     Faith    .   (no shield)
rNeg     . . .     Spirit   .   b - +0 animal skin
rPois    .         Reflect  +   (helmet restricted)
rElec    .         Harm     .   (no cloak)
rCorr    .         Rampage  .   (gloves unavailable)
Will     .....                  (boots unavailable)
Stlth    ..........             m - amulet of reflection
HPRegen  0.24/turn              (no ring)
MPRegen  0.09/turn              (no ring)

@: berserking, lethally poisoned (-3 -> -34), very quick
A: large, unfitting armour, tough skin 1
a: Renounce Religion, Berserk, Trog's Hand


You were on level 4 of the Dungeon.
You worshipped Trog.
Trog was pleased with you.
You visited 1 branch of the dungeon, and saw 4 of its levels.

You collected 169 gold pieces.

Inventory:

Hand Weapons
 a - a +0 mace (weapon)
Missiles
 g - 2 boomerangs (quivered)
 h - 14 poisoned darts
 i - 28 stones
Armour
 b - a +0 animal skin (worn)
Magical Staves
 l - a staff of air
Jewellery
 m - an amulet of reflection (around neck)
Scrolls
 d - a scroll of magic mapping {unknown}
 e - a scroll of teleportation {unknown}
 f - a scroll of fog {unknown}
Potions
 c - 4 potions of attraction
 j - a potion of flight
 n - a potion of magic


   Skills:
 + Level 5.4 Fighting
 * Level 4.6 Maces & Flails
 - Level 2.6 Dodging


You had 4 spell levels left.
You didn't know any spells.
Your spell library was empty.

Dungeon Overview and Level Annotations

Branches:
Dungeon (4/15)
 Temple: D:4-7

Altars:
Trog


Innate Abilities, Weirdness & Mutations

You are too large for most types of armour.
You have tough skin. (AC +1)


Message History

You feel very sick. The water moccasin bites you!
You barely miss the water moccasin.
You feel sick. The water moccasin bites you.
You are more poisoned.
The water moccasin poisons you! The water moccasin closely misses you.
You fail to use your ability.
You feel very sick. You block the water moccasin's attack.
You sock the water moccasin!
The water moccasin is heavily wounded.
You feel very sick. The water moccasin closely misses you.
The water moccasin misses you.
A red film seems to cover your vision as you go berserk!
You feel yourself moving faster!
You feel mighty!
You feel sick. The water moccasin bites you!
* * * LOW HITPOINT WARNING * * *
You are lethally poisoned!
The water moccasin poisons you! You block the water moccasin's attack.
You hit the water moccasin.
The water moccasin is heavily wounded.
* * * LOW HITPOINT WARNING * * *
You feel very sick. You block the water moccasin's attack.
You hit the water moccasin.
The water moccasin is severely wounded.
* * * LOW HITPOINT WARNING * * *
You feel very sick.
The water moccasin bites you but does no damage.
You closely miss the water moccasin.
The water moccasin is severely wounded.
* * * LOW HITPOINT WARNING * * *
You feel very sick. The water moccasin bites you!
* * * LOW HITPOINT WARNING * * *
You are more poisoned.
The water moccasin poisons you!
You closely miss the water moccasin.
The water moccasin is severely wounded.
You die...

..#########...## ##...##
....(..##..###.###..#..##
..#####..### #..##)###..#
### #### #..##.# ##.#####
#..##.## ##..#.# #..##..#
#...## #..##..# ##..##
##.....####...#
..........###.....##
.....##.S###.......#
....# ##@###...##>.# ....
#.....#####..# ###
##...## ### ##.## ###


You could see a water moccasin.

Vanquished Creatures
  A scorpion (D:3)
  5 adders
  3 worms
  2 dart slugs
  An orc (D:4)
  5 ball pythons
  4 endoplasms
  A giant cockroach (D:1)
  5 goblins
  2 hobgoblins (D:2)
  2 quokkas
  A bat (D:2)
  2 frilled lizards
  5 kobolds
  2 rats
41 creatures vanquished.

Notes
Turn   | Place    | Note
-------+----------+-------------------------------------------
     0 | D:1      | grimtooth the Ogre Berserker began the quest for the Orb.
     0 | D:1      | Reached XP level 1. HP: 24/24 MP: 1/1
   590 | D:1      | Reached XP level 2. HP: 27/32 MP: 2/2
  1571 | D:2      | Reached XP level 3. HP: 34/40 MP: 3/3
  2451 | D:3      | Reached XP level 4. HP: 39/49 MP: 4/4
  2643 | D:3      | Reached skill level 5 in Fighting
  2675 | D:3      | Noticed a scorpion
  2686 | D:3      | Killed a scorpion
  2687 | D:3      | Reached XP level 5. HP: 57/57 MP: 5/5
  2798 | D:3      | Found a faded altar of an unknown god.
  3188 | D:3      | Found a bloodstained altar of Trog.
  3551 | D:4      | Reached ** piety under Trog
  3586 | D:4      | Noticed a water moccasin
  3597 | D:4      | HP: 3/85 [water moccasin (7)]
  3598 | D:4      | Succumbed to a water moccasin's poison

Illustrated notes

Levels and vault maps discovered:
D:1:      minmay_arrival_loop, layout_loops_ring
D:2:      layout_loops_cross
D:3:      layout_loops_ring, lightli_temple_of_fire,
          hellmonk_ecumenical_altar_heavens_door,
          chequers_serial_rivers_micro_c, hangedman_decor_push
D:4:      layout_layer_cave, gammafunk_ghost_arena, uniq_crazy_yiuf_cottage

Skill      XL: |  1  2  3  4 |
---------------+-------------+-----
Maces & Flails | 3 4 |  4.6
Fighting       | 5 |  5.4
Dodging        | |  2.6

Action                   |  1- 3 |  4- 6 || total
-------------------------+-------+-------++-------
Melee: Mace              |    88 |    29 ||   117
Throw: Stone             |    27 |       ||    27
       Dart              |    31 |    37 ||    68
       Boomerang         |     3 |     1 ||     4
Invok: Berserk           |       |     1 ||     1
  Use: Scroll            |       |     3 ||     3
Armor: Animal skin       |    17 |     5 ||    22
Dodge: Dodged            |    38 |    18 ||    56
Block: Other             |       |     6 ||     6
